 Dungeon Crawl Stone Soup version 0.22-a0-322-g60b3cfd (webtiles) character file.

77 xccam the Chopper (level 4, -3/35 HPs)
             Began as a Formicid Fighter on Apr 2, 2018.
             Slain by a sky beast (5 damage)
             ... on level 2 of the Dungeon.
             The game lasted 00:01:33 (913 turns).

xccam the Chopper (Formicid Fighter)                 Turns: 913, Time: 00:01:34

Health: -3/35      AC:  6    Str: 26    XL:     4   Next: 58%
Magic:  4/4        EV:  8    Int:  8    God:
Gold:   127        SH: 10    Dex: 10    Spells: 3/3 levels left

rFire    + . .     SeeInvis +   a - +0 war axe
rCold    . . .     Gourm    .   c - +0 shield
rNeg     . . .     Faith    .   b - +0 scale mail
rPois    .         Spirit   .   (helmet unavailable)
rElec    .         Reflect  .   (no cloak)
rCorr    .         Harm     .   (no gloves)
MR       .....                  (no boots)
Stlth    ..........             (no amulet)
HPRegen  0.11/turn              e - ring of protection from fire
MPRegen  0.09/turn              (no ring)

@: mighty
A: permanent stasis, dig shafts and tunnels, four strong arms, antennae 3
a: Dig, Shaft Self


You were on level 2 of the Dungeon.
You were not hungry.

You visited 1 branch of the dungeon, and saw 2 of its levels.

You collected 127 gold pieces.

Inventory:

Hand Weapons
 a - a +0 war axe (weapon)
Armour
 b - a +0 scale mail (worn)
 c - a +0 shield (worn)
Jewellery
 e - a ring of protection from fire (left hand)
 n - an uncursed ring of resist corrosion {unknown}
Scrolls
 h - a scroll of noise {unknown}
 i - a scroll of random uselessness {unknown}
 j - a scroll of identify {unknown}
 k - a scroll of teleportation {unknown}
 l - a scroll of fog {unknown}
 p - a scroll of enchant armour {unknown}
Potions
 g - a potion of lignification {unknown}
 m - 2 potions of curing {unknown}
 o - a potion of invisibility {unknown}
Comestibles
 f - 5 rations


   Skills:
 - Level 3.2 Fighting
 + Level 4.4 Axes
 - Level 3.2 Armour
 - Level 3.6 Shields


You had 3 spell levels left.
You didn't know any spells.

Dungeon Overview and Level Annotations

Branches:
Dungeon (2/15)

Altars:


Innate Abilities, Weirdness & Mutations

You cannot be hasted, slowed, berserked, paralysed or teleported.
You can dig through walls and to a lower floor.
Your four strong arms can wield two-handed weapons with a shield.
You have a pair of large antennae on your head. (SInv)


Message History

The sky beast hits you. The sky beast shocks you.
You hit the sky beast.
The sky beast is moderately wounded.
You block the sky beast's attack.
Your shield and scale mail prevent you from hitting the sky beast.
The sky beast is moderately wounded.
You block the sky beast's attack.
You closely miss the sky beast.
The sky beast is moderately wounded.
You block the sky beast's attack. The sky beast hits you.
* * * LOW HITPOINT WARNING * * *
The sky beast shocks you.
* * * LOW HITPOINT WARNING * * *
The sky beast flickers out of sight for a moment.
You barely miss the sky beast.
The sky beast is moderately wounded.
The sky beast hits you.
* * * LOW HITPOINT WARNING * * *
The sky beast shocks you.
You die...

# ### ....######
.........#
###(####.# #.#
#.# #.# #.# #@#
#.# #Y# #.# #.#
#.#
######.####.#####
#...............#
#.
#.#####.#######.#
#. #.# #†# #. #.#
##.# #.# #. #.#
#..# #.#


You could see a sky beast.

Vanquished Creatures
  3 adders (D:2)
  A worm (D:2)
  3 dart slugs (D:2)
  A ball python (D:1)
  2 giant cockroaches
  2 goblins (D:1)
  4 hobgoblins
  2 jackals (D:1)
  A quokka (D:2)
  6 bats
  6 frilled lizards
  4 kobolds
  8 rats
43 creatures vanquished.

Notes
Turn   | Place    | Note
-------+----------+-------------------------------------------
     0 | D:1      | xccam the Formicid Fighter began the quest for the Orb.
     0 | D:1      | Reached XP level 1. HP: 18/18 MP: 1/1
   199 | D:1      | Reached XP level 2. HP: 24/24 MP: 2/2
   229 | D:1      | Reached skill level 3 in Axes
   466 | D:1      | Reached XP level 3. HP: 26/29 MP: 3/3
   771 | D:2      | Reached skill level 4 in Axes
   771 | D:2      | Reached XP level 4. HP: 32/35 MP: 4/4
   885 | D:2      | Noticed a sky beast
   913 | D:2      | Slain by a sky beast

Vault maps used:
D:1:      dpeg_arrival_ratfight
D:2:      grunt_qazlal_sundering

Skill      XL: |  1  2  3 |
---------------+----------+-----
Axes           | 3 4 |  4.4
Fighting       | |  3.2
Armour         | |  3.2
Shields        | |  3.6

Action                   |  1- 3 |  4- 6 || total
-------------------------+-------+-------++-------
Melee: War axe           |   103 |    32 ||   135
  Use: Potion            |       |     1 ||     1
Armor: Scale mail        |    52 |    12 ||    64
Dodge: Dodged            |    40 |    13 ||    53
Block: Shield            |    55 |    21 ||    76

Table legend:
 A = Spawn XP
 B = Non-spawn XP
 C = Spawn XP percentage of total XP
 D = Spawn monster count
 E = Non-spawn monster count
 F = Spawn count percentage of total count
 G = Total turns spent on level
                    A         B        C        D         E        F      G
               +---------+---------+-------+---------+---------+-------+---------
         Total |       0 |     110 |   0.0 |       0 |      43 |   0.0 |   913
               +---------+---------+-------+---------+---------+-------+---------
           D:1 |       0 |      35 |   0.0 |       0 |      24 |   0.0 |   596
           D:2 |       0 |      75 |   0.0 |       0 |      19 |   0.0 |   317
               +---------+---------+-------+---------+---------+-------+---------
